 Dungeon Crawl Stone Soup version 0.22-a0-322-g60b3cfd (webtiles) character file.

75 JeffiDaFish the Charmwright (level 4, -1/33 HPs)
             Began as a Human Skald on Apr 4, 2018.
             Slain by an adder (4 damage)
             ... on level 3 of the Dungeon.
             The game lasted 00:03:58 (1584 turns).

JeffiDaFish the Charmwright (Human Skald)           Turns: 1584, Time: 00:03:59

Health: -1/33      AC:  8    Str: 12    XL:     4   Next: 55%
Magic:  5/8        EV: 11    Int: 14    God:
Gold:   197        SH:  0    Dex: 12    Spells: 2/8 levels left

rFire    . . .     SeeInvis .   a - +0 falchion
rCold    . . .     Gourm    .   (no shield)
rNeg     . . .     Faith    .   j - +0 ring mail
rPois    .         Spirit   .   (no helmet)
rElec    .         Reflect  .   (no cloak)
rCorr    .         Harm     .   (no gloves)
MR       .....                  e - +2 pair of boots
Stlth    +.........             (no amulet)
HPRegen  0.11/turn              (no ring)
MPRegen  0.11/turn              (no ring)

@: no status effects
A: no striking features
a: no special abilities


You were on level 3 of the Dungeon.
You were hungry.

You visited 1 branch of the dungeon, and saw 3 of its levels.

You collected 197 gold pieces.

Inventory:

Hand Weapons
 a - a +0 falchion (weapon)
Armour
 e - a +2 pair of boots (worn)
 j - a +0 ring mail (worn)
Wands
 b - a wand of flame (6)
Scrolls
 f - a scroll of teleportation
 g - 5 scrolls of identify
Potions
 c - a potion of flight
 h - a potion of brilliance
 i - a potion of heal wounds
Comestibles
 d - 2 rations
 k - a chunk of flesh


   Skills:
 + Level 2.3 Fighting
 + Level 2.3 Long Blades
 + Level 1.5 Armour
 + Level 2.3 Dodging
 * Level 2.7 Spellcasting
 * Level 3.5 Charms
 + Level 0.3 Necromancy
 + Level 0.5 Translocations


You had 2 spell levels left.
You knew the following spells:

 Your Spells              Type           Power        Failure   Level  Hunger
a - Infusion              Chrm           ##..         12%         1    #......
b - Shroud of Golubria    Chrm/Tloc      #.........   32%         2    ###....
c - Regeneration          Chrm/Necr      #.........   54%         3    ###....


Dungeon Overview and Level Annotations

Branches:
Dungeon (3/15)

Altars:
Gozag

Annotations:
D:3 JeffiDaFish's ghost, amateur GrFi


Message History

JeffiDaFish's ghost is heavily damaged.
JeffiDaFish's ghost hits you but does no damage.
You barely miss JeffiDaFish's ghost.
JeffiDaFish's ghost is heavily damaged.
You are no longer magically infusing your attacks.
JeffiDaFish's ghost screams, "Zot is a myth, the ORB is a fable, you'll soon be a tale!"
JeffiDaFish's ghost closely misses you.
You hit JeffiDaFish's ghost but do no damage.
JeffiDaFish's ghost is heavily damaged.
JeffiDaFish's ghost hits you!
* * * LOW HITPOINT WARNING * * *
JeffiDaFish's ghost whispers, "The ORB doesn't exist."
JeffiDaFish's ghost closely misses you.
You riposte.
You hit JeffiDaFish's ghost.
JeffiDaFish's ghost is heavily damaged.
JeffiDaFish's ghost says, "I am made of steel!"
The adder bites you.
* * * LOW HITPOINT WARNING * * *
The adder bites you.
You die...

..............#####.
...............#
...............#
........................#
........................#
........................#
........................#
................WS....?.#
................@.......#
........<...............#
......................).#
........................#
........................#
........................#
........................##
...........................
.......................[...


You could see JeffiDaFish's ghost and an adder.

Vanquished Creatures
  Ijyb (D:3)
  An adder (D:2)
  A worm (D:2)
  A dart slug (D:1)
  2 leopard geckos (D:2)
  4 giant cockroaches
  2 goblins
  3 hobgoblins (D:2)
  7 kobolds
  A quokka (D:2)
  4 bats
  2 frilled lizards (D:1)
  4 rats
33 creatures vanquished.

Notes
Turn   | Place    | Note
-------+----------+-------------------------------------------
     0 | D:1      | JeffiDaFish the Human Skald began the quest for the Orb.
     0 | D:1      | Reached XP level 1. HP: 16/16 MP: 3/3
   119 | D:1      | Reached XP level 2. HP: 22/22 MP: 5/5
   631 | D:2      | Reached XP level 3. HP: 21/27 MP: 6/6
   675 | D:2      | Found an opulent altar of Gozag.
   761 | D:2      | Learned a level 2 spell: Shroud of Golubria
   765 | D:2      | Learned a level 3 spell: Regeneration
  1191 | D:3      | Noticed Ijyb
  1223 | D:3      | Killed Ijyb
  1223 | D:3      | Reached XP level 4. HP: 12/33 MP: 1/8
  1554 | D:3      | Noticed JeffiDaFish's ghost (amateur GrFi)
  1584 | D:3      | Slain by an adder

Vault maps used:
D:1:      lightli_arrival_quake
D:2:      nicolae_overflow_crystal_walls
D:3:      cheibriados_altar_1, nrook_mini_vaults, uniq_ijyb

Action                   |  1- 3 |  4- 6 || total
-------------------------+-------+-------++-------
Melee: Falchion          |    96 |    31 ||   127
 Cast: Infusion          |     3 |     1 ||     4
       Shroud of Golubri |     1 |     1 ||     2
  Use: Potion            |     6 |       ||     6
       Scroll            |     4 |     1 ||     5
  Eat: Chunk             |     1 |     1 ||     2
Armor: Leather armour    |    13 |       ||    13
       Ring mail         |    22 |    17 ||    39
Dodge: Dodged            |    64 |    23 ||    87
       Rpst.: Falchion   |    18 |    12 ||    30

Table legend:
 A = Spawn XP
 B = Non-spawn XP
 C = Spawn XP percentage of total XP
 D = Spawn monster count
 E = Non-spawn monster count
 F = Spawn count percentage of total count
 G = Total turns spent on level
                    A         B        C        D         E        F      G
               +---------+---------+-------+---------+---------+-------+---------
         Total |       0 |     108 |   0.0 |       0 |      33 |   0.0 |  1584
               +---------+---------+-------+---------+---------+-------+---------
           D:1 |       0 |      17 |   0.0 |       0 |       9 |   0.0 |   487
           D:2 |       0 |      44 |   0.0 |       0 |      16 |   0.0 |   691
           D:3 |       0 |      47 |   0.0 |       0 |       8 |   0.0 |   406
               +---------+---------+-------+---------+---------+-------+---------
